cohdb
Replays
Latest Replays
All Replays
Popular Replays
Top Player Replays
Match Explorer
How It Works
Community
CoH3 Stats
Reddit
Sign in to upload your games and track your stats! →
Sign in with Steam
Match 45604996
Unlisted
Match 45604996
Overview
Messages
Build Orders
End
Construct Section Command Post
Vickers Machine Gun Team
Selects Canadian Shock Battlegroup
Infantry Section
ML 3-inch Mortar Team
Selects Offensive Resupply
Selects Canadian Shock Section
Canadian Shock Section
Construct Platoon Command Post
Unlock M3 Stuart Light Tanks
M3 Stuart Light Tank
M3 Stuart Light Tank
M3 Stuart Light Tank
Light Vehicle Training
CMP 15cwt Truck
Selects Incendiary Munitions
Selects Pyrotechnics
CMP 15cwt Truck
Canadian Shock Section
Grenade Package
Selects Churchill Crocodile Heavy Tank
Churchill Crocodile Heavy Tank
Herr Heinler
Some_Devil
蛤,你说蛤?
BRNOBOLEST
Gernhardt Reinlunzen
za peinter
mayomeyo
0
0
Comments
sign in to comment!
No comments posted yet!